AoeStats
← Deadpool865041

MegaRandom

510465106Analyzed
4v4 RM · 3d ago on Oct 1, 2026· 52m 11s· 8 players
Game mode
Random Map
Map size
Large (8 player)
Population
200
Speed
Normal
Resources
Standard
Victory
Conquest
Starting age
Dark Age
Ending age
Imperial Age
RankedLock teamsTeams togetherTeam positionsShared explorationLock speedFull tech treeHidden civsTurbo modeCheats
Victory
Defeat
🇨🇳 Mongols · China
824
+15
🇴🇲 Saracens · Oman
798
+16
🇨🇳 Lithuanians · China
793
+16
🇺🇸 Celts · United States
774
+17
🇭🇰 Persians · Hong Kong SAR China
867
-19
🇲🇽 Bohemians · Mexico
856
-18
🇧🇷 Italians · Brazil
807
-16
🇵🇪 Burgundians · Peru
681
-11
.:sTeeL:.
4:03 Loom
12:57 Feudal Age
14:27 Wheelbarrow
13:40 Horse Collar
13:48 Double-Bit Axe
14:00 Gold Mining
14:01 Stone Mining
20:26 Castle Age
19:11 Forging
21:18 Heavy Plow
21:33 Bow Saw
21:40 Hand Cart
22:05 Stone Shaft Mining
22:09 Gold Shaft Mining
22:06 Town Watch
23:58 Gambesons
24:00 Arson
23:36 Man-at-Arms
25:02 Fletching
26:57 Ballistics
27:20 Murder Holes
28:03 Bodkin Arrow
28:48 Iron Casting
33:23 Imperial Age
33:01 Stronghold
33:30 Elite Woad Raider
34:36 Conscription
35:29 Blast Furnace
34:29 Scale Mail Armor
37:25 Chain Mail Armor
38:24 Chemistry
39:10 Plate Mail Armor
39:48 Hoardings
40:01 Masonry
39:57 Siege Engineers
40:04 Fortified Wall
39:42 Arrowslits
40:06 Padded Archer Armor
43:01 Long Swordsman
43:02 Pikeman
43:55 Guilds
43:46 Caravan
44:17 Coinage
44:01 Careening
44:48 Clinker Construction
44:58 Shipwright
44:55 Scale Barding Armor
45:06 Leather Archer Armor
45:00 Two-Handed Swordsman
45:01 Halberdier
45:50 Town Patrol
46:17 Furor Celtica
45:46 Sappers
46:11 Guard Tower
Naruto
4:17 Loom
12:28 Feudal Age
17:39 Castle Age
15:30 Double-Bit Axe
18:26 Stone Mining
18:35 Horse Collar
19:06 Bow Saw
27:09 Gold Mining
27:36 Heavy Plow
33:14 Imperial Age
33:20 Imperial Age
31:28 Wheelbarrow
31:37 Gold Shaft Mining
31:09 Scale Barding Armor
31:15 Forging
32:21 Chain Barding Armor
32:53 Hand Cart
34:29 Iron Casting
34:29 Conscription
33:35 Elite Mameluke
34:59 Plate Barding Armor
34:53 Bloodlines
37:13 Blast Furnace
36:34 Fletching
37:26 Padded Archer Armor
37:48 Counterweights
39:16 Two-Man Saw
41:59 Onager
42:58 Siege Engineers
43:14 Ballistics
46:13 Siege Onager
梦寐一秋.
小迟爱吃
47:41 Feudal Age
51:42 Castle Age
Deadpool865041
8:59 Loom
11:49 Feudal Age
15:58 Castle Age
25:50 Fletching
28:02 Chemistry
29:16 Wagenburg Tactics
29:23 Double-Bit Axe
30:18 Bodkin Arrow
35:56 Imperial Age
34:39 Ballistics
37:23 Elite Hussite Wagon
44:44 Hussite Reforms
Carpeado BR
0:35 Loom
13:24 Feudal Age
17:04 Wheelbarrow
16:15 Town Watch
18:23 Fishing Lines
18:39 Double-Bit Axe
22:17 Castle Age
22:14 Horse Collar
25:30 Gillnets
25:59 Gold Mining
27:37 Stone Mining
30:58 Imperial Age
29:14 Hand Cart
34:38 Heavy Plow
35:31 Bow Saw
40:16 Pirotechnia
40:42 Hoardings
40:28 Silk Road
40:29 Conscription
39:32 Elite Genoese Crossbowman
43:02 Thumb Ring
44:24 Chemistry
43:46 Ballistics
43:38 Masonry
43:25 Murder Holes
43:13 Treadmill Crane
44:07 Fletching
44:18 Scale Mail Armor
44:29 Forging
44:23 Padded Archer Armor
47:24 Bodkin Arrow
47:45 Leather Archer Armor
MAHORAGA
10:55 Double-Bit Axe
14:45 Feudal Age
13:52 Horse Collar
16:40 Heavy Plow
16:38 Fishing Lines
18:37 Bow Saw
24:13 Castle Age
21:58 Loom
21:59 Town Watch
22:49 Wheelbarrow
22:11 Gillnets
23:53 Gold Mining
23:55 Stone Mining
24:31 Cavalier
24:33 Man-at-Arms
25:15 Squires
25:00 Arson
29:44 Two-Man Saw
33:42 Town Patrol
33:58 Hand Cart
33:51 Husbandry
33:13 Long Swordsman
33:15 Pikeman
36:53 Imperial Age
36:33 Crop Rotation
36:47 Gold Shaft Mining
37:57 Stone Shaft Mining
37:09 Paladin
37:11 Light Cavalry
37:13 Two-Handed Swordsman
38:34 Caravan
39:05 Coinage
38:45 Guilds
39:50 Hussar
43:48 Scale Mail Armor
43:53 Scale Barding Armor
43:59 Forging
43:40 Fletching
47:38 Chain Mail Armor
47:44 Chain Barding Armor
48:55 Plate Mail Armor
輕鬆一打四
0:27 Loom
10:52 Feudal Age
11:57 Double-Bit Axe
11:55 Horse Collar
18:59 Castle Age
18:04 Stone Mining
18:11 Gold Mining
19:28 Wheelbarrow
18:38 Town Watch
19:39 Bow Saw
20:13 Stone Shaft Mining
20:08 Heavy Plow
21:47 Gold Shaft Mining
33:56 Imperial Age
31:41 Hand Cart
31:26 Town Patrol
32:41 Scale Barding Armor
32:26 Fletching
32:47 Forging
32:40 Devotion
32:45 Caravan
32:59 Bloodlines
32:49 Husbandry
34:45 Conscription
34:36 Citadels
33:56 Elite War Elephant
36:43 Two-Man Saw
36:27 Chain Barding Armor
36:02 Bodkin Arrow
36:42 Iron Casting
37:56 Hoardings
38:33 Faith
39:04 Crop Rotation
39:11 Plate Barding Armor
Connection lost

Rejoining the realm…

Still unreachable

The connection could not be restored.

Session expired

The server has moved on; the page needs a fresh start.